 Dungeon Crawl Stone Soup version 0.27.1-2-g3b301248ec (webtiles) character file.

Game seed: 961989937499781233

84 Cheops the Ruffian (level 4, 0/38 HPs)
             Began as a Ghoul Monk on Sept 28, 2021.
             Slain by a phantom (1 damage)
             ... on level 3 of the Dungeon.
             The game lasted 00:04:16 (2324 turns).

Cheops the Ruffian (Ghoul Monk)                     Turns: 2324, Time: 00:04:16

Health: 0/38       AC:  2    Str: 15    XL:     4   Next: 46%
Magic:  3/3        EV: 12    Int:  5    God:
Gold:   88         SH:  0    Dex: 11    Spells: 3/3 levels left

rFire    . . .     SeeInvis .     - Unarmed
rCold    + . .     Faith    .   (no shield)
rNeg     + + +     Spirit   .   a - +0 robe
rPois    ∞         Reflect  .   (no helmet)
rElec    .         Harm     .   (no cloak)
rCorr    .         Rampage  .   (no gloves)
Will     .....                  (no boots)
Stlth    ++........             (no amulet)
HPRegen  0.00/turn              (no ring)
MPRegen  0.08/turn              (no ring)

@: inhibited regen
A: claws 1, cold resistance 1, negative energy resistance 3, inhibited
regeneration, torment resistance 2
a: no special abilities


You were on level 3 of the Dungeon.
You visited 1 branch of the dungeon, and saw 3 of its levels.

You collected 88 gold pieces.

Inventory:

Armour
 a - a +0 robe (worn)
 d - a +0 buckler
Scrolls
 c - 2 scrolls of identify {unknown}
 e - a scroll of enchant armour {unknown}
Potions
 b - 3 potions of lignification {unknown}
 f - a potion of flight {unknown}


   Skills:
 - Level 3.2 Fighting
 - Level 2.6 Dodging
 - Level 2.1 Stealth
 + Level 5.6 Unarmed Combat


You had 3 spell levels left.
You didn't know any spells.
Your spell library was empty.

Dungeon Overview and Level Annotations

Branches:
Dungeon (3/15)

Altars:

Annotations:
D:3 Sigmund


Innate Abilities, Weirdness & Mutations

You thrive by killing the living.
You are immune to poison.
You have sharp fingernails.
Your flesh is cold resistant. (rC+)
You are immune to negative energy. (rN+++)
You do not regenerate when monsters are visible.
You are immune to unholy pain and torment.


Message History

The phantom hits you.
* * * LOW HITPOINT WARNING * * *
You barely miss the phantom.
The phantom is moderately damaged.
The frilled lizard bites you.
* * * LOW HITPOINT WARNING * * *
The phantom hits you but does no damage.
You scratch the frilled lizard.
You kill the frilled lizard!
You feel better.
You scratch the kobold.
You kill the kobold!
You feel better. The phantom barely misses you.
You scratch the rat but do no damage. The phantom misses you.
The rat bites you.
* * * LOW HITPOINT WARNING * * *
You closely miss the rat. The phantom hits you!
* * * LOW HITPOINT WARNING * * *
The rat barely misses you.
You claw the rat!
You kill the rat!
The phantom hits you but does no damage.
You scratch the phantom.
The phantom is heavily damaged.
The phantom hits you.
* * * LOW HITPOINT WARNING * * *
The phantom blinks!
You blink.
You completely miss the phantom.
The phantom is moderately damaged.
The phantom hits you but does no damage.
You barely miss the phantom. You claw the phantom.
The phantom is heavily damaged.
The phantom hits you but does no damage.
You scratch the phantom.
The phantom is heavily damaged.
The phantom misses you.
You closely miss the phantom.
The phantom is heavily damaged.
The phantom hits you.
You die...

... ... .. ... . ##.#
#.## .. #.. #.. ...
#.# #.###...
#######.#####......
#.)............###...
#..<.W....)...!......
#.....@.###....######
#######.##.........
......##.....#
#......# #......
...##..# ......
.#.#...## ...... ##.
.### ...... .


You could see a phantom.

Vanquished Creatures
  3 adders (D:2)
  2 dart slugs (D:1)
  7 bats
  5 endoplasms
  2 giant cockroaches (D:1)
  2 hobgoblins
  4 jackals (D:2)
  A quokka (D:2)
  6 ball pythons (D:1)
  4 frilled lizards
  5 goblins
  8 kobolds
  2 rats
51 creatures vanquished.

Notes
Turn   | Place    | Note
-------+----------+-------------------------------------------
     0 | D:1      | Cheops the Ghoul Monk began the quest for the Orb.
     0 | D:1      | Reached XP level 1. HP: 19/19 MP: 0/0
    87 | D:1      | Reached XP level 2. HP: 14/26 MP: 1/1
   329 | D:1      | Reached skill level 4 in Unarmed Combat
   419 | D:1      | Found a faded altar of an unknown god.
   420 | D:1      | Noticed a floating eye
   430 | D:1      | Noticed a golden eye
   436 | D:1      | Noticed a golden eye
   479 | D:1      | Noticed a great orb of eyes
   542 | D:1      | Reached XP level 3. HP: 31/31 MP: 2/2
  1017 | D:2      | Reached skill level 5 in Unarmed Combat
  1130 | D:2      | Reached XP level 4. HP: 20/38 MP: 3/3
  1995 | D:3      | Noticed Sigmund
  2288 | D:3      | Noticed a phantom
  2319 | D:3      | HP: 1/38 [phantom (3)]
  2324 | D:3      | Slain by a phantom

Illustrated notes

Levels and vault maps discovered:
D:1:      dpeg_arrival_castle, layout_basic,
          hellmonk_ecumenical_altar_watching_god, st_stairs_8
D:2:      layout_basic
D:3:      layout_rooms, nicolae_overflow_crystal_walls, uniq_sigmund

Skill      XL: |  1  2  3 |
---------------+----------+-----
Unarmed Combat | 4 5 |  5.6
Fighting       | |  3.2
Dodging        | |  2.6
Stealth        | |  2.1

Action                   |  1- 3 |  4- 6 || total
-------------------------+-------+-------++-------
Melee: Unarmed           |   107 |    41 ||   148
       Punch             |       |     1 ||     1
 Stab: Sleeping          |     6 |     1 ||     7
Armor: Robe              |    23 |    10 ||    33
Dodge: Dodged            |    66 |    21 ||    87
